 Dungeon Crawl Stone Soup version 0.24.0-123-gd5b16e6ec5 (webtiles) character file.

Game seed: 12851451087494541979, levelgen mode: deterministic

7549 Johnny the Geomancer (level 10, -4/69 HPs)
             Began as a Demigod Earth Elementalist on Feb 4, 2020.
             Slain by a red ugly thing (9 damage)
             ... on level 9 of the Dungeon.
             The game lasted 00:13:28 (8800 turns).

Johnny the Geomancer (Demigod Earth Elementalist)   Turns: 8800, Time: 00:13:28

Health: -4/69      AC:  3    Str: 11    XL:     10   Next: 65%
Magic:  11/27      EV: 11    Int: 25    God:
Gold:   485        SH: 11    Dex: 16    Spells: 13/26 levels left

rFire    . . .     SeeInvis .   C - +2 flail (drain)
rCold    . . .     Gourm    .   H - +1 shield {reflect}
rNeg     . . .     Faith    .   a - +0 robe {MR+}
rPois    .         Spirit   .   (no helmet)
rElec    .         Reflect  +   g - scarf {repulsion}
rCorr    .         Harm     .   e - +0 pair of gloves
MR       ++...                  (no boots)
Stlth    ++........             E - amulet of rage
HPRegen  0.21/turn              l - ring of wizardry
MPRegen  0.20/turn              v - ring of flight

@: repel missiles
A: high mp 1
a: Evoke Berserk Rage, Evoke Flight


You were on level 9 of the Dungeon.
You were hungry.

You visited 2 branches of the dungeon, and saw 10 of its levels.
You also visited: Sewer.

You collected 485 gold pieces.

Inventory:

Hand Weapons
 t - a +3 dagger of protection
 C - a +2 flail of draining (weapon)
Missiles
 b - 24 stones (quivered)
Armour
 a - a +0 robe of magic resistance (worn)
 e - a +0 pair of gloves (worn)
 g - a scarf of repulsion (worn)
 y - a +2 large shield
 H - a +1 shield of reflection (worn)
Jewellery
 l - a ring of wizardry (left hand)
 v - a ring of flight (right hand)
 E - an amulet of rage (around neck)
Wands
 k - a wand of clouds (1)
 w - a wand of iceblast (9)
 I - a wand of disintegration (6)
Scrolls
 f - 2 scrolls of enchant armour
 j - 2 scrolls of immolation
 m - 6 scrolls of remove curse
 n - a scroll of fog {unknown}
 p - 3 scrolls of magic mapping {unknown}
 q - a scroll of enchant weapon {unknown}
 u - 5 scrolls of teleportation
 x - a scroll of random uselessness {unknown}
 A - a scroll of noise {unknown}
 B - 2 scrolls of fear {unknown}
Potions
 h - a potion of magic {unknown}
 i - 2 potions of lignification
 o - a potion of curing
 r - 4 potions of might
 s - 2 potions of mutation
 z - a potion of invisibility {unknown}
 D - a potion of flight {unknown}
 F - a potion of cancellation {unknown}
 J - a potion of agility {unknown}
Comestibles
 c - a chunk of flesh
 d - 7 rations


   Skills:
 - Level 1.7 Dodging
 - Level 1.7 Stealth
 + Level 7.8 Shields
 + Level 8.9 Spellcasting
 - Level 0.8 Transmutations
 + Level 9.9 Earth Magic


You had 13 spell levels left.
You knew the following spells:

 Your Spells              Type           Power        Failure   Level  Hunger
a - Sandblast             Erth           ######       1%          1    None
b - Stone Arrow           Conj/Erth      #####.       2%          3    None
c - Lee's Rapid Deconstr  Erth           ######....   2%          5    ####...
d - Petrify               Tmut/Erth      #####...     6%          4    ##.....

Your spell library contained the following spells:

 Spells                   Type           Power        Failure   Level  Hunger
 Passwall                 Tmut/Erth      #####...     1%          2    None
 Confusing Touch          Hex            ##....       6%          1    None
 Freeze                   Ice            ##..         6%          1    None
 Shock                    Conj/Air       ##..         6%          1    None
 Summon Small Mammal      Summ           ##..         6%          1    None
 Call Imp                 Summ           ##......     9%          2    None
 Swiftness                Chrm/Air       ##......     9%          2    None
 Throw Frost              Conj/Ice       ##....       9%          2    None
 Call Canine Familiar     Summ           ##......     16%         3    None
 Confuse                  Hex            ##......     16%         3    None
 Gell's Gravitas          Tloc           ##........   16%         3    None
 Ozocubu's Armour         Chrm/Ice       ##......     16%         3    None
 Portal Projectile        Hex/Tloc       ##....       16%         3    None
 Static Discharge         Conj/Air       ##......     16%         3    None
 Summon Guardian Golem    Hex/Summ       ##......     16%         3    None
 Airstrike                Air            ##........   45%         4    ##.....
 Force Lance              Conj/Tloc      ##......     45%         4    ##.....
 Summon Ice Beast         Ice/Summ       ##......     45%         4    ##.....
 Summon Lightning Spire   Summ/Air       ##......     45%         4    ##.....
 Throw Icicle             Conj/Ice       ##......     45%         4    ##.....
 Yara's Violent Unravell  Hex/Tmut       ##........   75%         5    ####...
 Lightning Bolt           Conj/Air       ##........   80%         5    ####...
 Metabolic Englaciation   Hex/Ice        ##........   80%         5    ####...
 Dispersal                Tloc           ##........   100%        6    ######.
 Controlled Blink         Tloc           N/A          100%        8    #######
 Disjunction              Tloc           ##........   100%        8    #######


Dungeon Overview and Level Annotations

Branches:
Dungeon (9/15)             Temple (1/1) D:5            Lair (0/6) D:9
  Sewer (visited)
    Orc: D:9-12


Innate Abilities, Weirdness & Mutations

You have an increased reservoir of magic. (+10% MP)


Message History

Confirm with . or Enter, or press ? or * to list all spells.
Aiming: Petrify (safe; 6% risk of failure)
Press: ? - help, Shift-Dir - straight line, f/p - red ugly thing
Aim: a red ugly thing (moderately wounded, chance to defeat MR: 49%)
The red ugly thing resists with some effort.
The red ugly thing bites you.
You are engulfed in flames!
* * * LOW HITPOINT WARNING * * *
Unknown command.
Okay, then.
Okay, then.
Evoke which item? (* to show all) (? for menu, Esc to quit)
Okay, then.
Evoke which item? (* to show all) (? for menu, Esc to quit)
Aiming: Cloud Cone
Press: ? - help, Dir - move target cursor, f/p - red ugly thing
Aim: a red ugly thing (moderately wounded)
You create a blast of flame!
The red ugly thing is engulfed in blazing flames.
The red ugly thing bites you!
You die...

...# $.$ #. #..##
#.# # #.#
##...##.##.##.##.#
#.#
#.#..##...)......F
#.######..## #§#
#.##..))...# ##§##
#.##.####..# #§§§#
## #.##.# #..# ##u##
#. .....# #..# ##@#
#. ..#######..#
##..# #.
.........†.# #...###
#. .#########.#
#.....# #.
........##.# #.....#
#.
.######.##.###.....#
#. ##
#..............# ##.
# #.####.###.....#
######.. #>#
#............
_......#


You could see a red ugly thing.

Vanquished Creatures
  2 two-headed ogres
  Pikel (D:7)
  Psyche (D:8)
  Joseph (D:8)
  A hornet (D:9)
  A hippogriff (D:7)
  A wyvern (D:7)
  A water moccasin (D:9)
  3 porcupines (D:9)
  A black bear (D:8)
  9 orc warriors
  2 slaves (D:7)
  2 ice beasts (D:5)
  A phantom (D:7)
  A sky beast (D:5)
  A necrophage (D:8)
  4 ogres
  2 centaurs (D:9)
  4 bullfrogs
  A wyvern zombie (D:6)
  3 scorpions
  4 killer bees (D:9)
  A wight (D:9)
  A howler monkey (D:9)
  5 crimson imps
  3 quasits
  A bullfrog zombie (D:8)
  6 jellies
  6 hounds
  5 orc priests
  8 orc wizards
  3 iguanas
  4 worker ants
  A worker ant zombie (D:8)
  11 gnolls
  19 adders
  A shadow imp (D:9)
  17 oozes
  An adder skeleton (D:6)
  3 worms
  2 dart slugs
  15 leopard geckos
  37 orcs
  7 ball pythons
  4 bats
  13 giant cockroaches
  8 goblins
  8 hobgoblins
  18 jackals
  10 kobolds
  4 quokkas
  11 frilled lizards
  2 jackal skeletons
  A leopard gecko skeleton (D:8)
  A leopard gecko zombie (D:5)
  A quokka skeleton (D:4)
  13 rats
298 creatures vanquished.

Vanquished Creatures (others)
  A centaur (D:7)
  A bullfrog skeleton (D:7)
  An orc (D:7)
  7 fungi (D:9)
  A plant (D:9)
11 creatures vanquished.

Grand Total: 309 creatures vanquished

Notes
Turn   | Place    | Note
-------+----------+-------------------------------------------
     0 | D:1      | Johnny the Demigod Earth Elementalist began the quest for
                  | the Orb.
     0 | D:1      | Reached XP level 1. HP: 14/14 MP: 5/5
   144 | D:1      | Reached skill level 3 in Earth Magic
   230 | D:1      | Reached XP level 2. HP: 16/20 MP: 5/7
   680 | D:2      | Reached XP level 3. HP: 22/26 MP: 3/9
   820 | D:2      | Learned a level 3 spell: Stone Arrow
   874 | D:2      | Found a basalt altar of Yredelemnul.
  1023 | D:2      | Reached XP level 4. HP: 33/33 MP: 11/11
  1193 | D:2      | Reached skill level 4 in Earth Magic
  1558 | D:3      | Reached XP level 5. HP: 21/38 MP: 1/13
  1790 | D:4      | Noticed an ogre
  1795 | D:4      | Killed an ogre
  1921 | D:4      | Reached XP level 6. HP: 29/45 MP: 8/15
  2083 | D:4      | Reached skill level 5 in Earth Magic
  2107 | D:4      | Found a glowing drain.
  2128 | Sewer    | Entered a sewer
  2560 | Sewer    | Reached skill level 5 in Spellcasting
  2560 | Sewer    | Reached XP level 7. HP: 41/50 MP: 7/17
  2840 | D:4      | Found a shimmering blue altar of Sif Muna.
  2997 | D:3      | Reached skill level 6 in Earth Magic
  3085 | D:3      | Found a sacrificial altar of Ru.
  3313 | D:3      | Reached skill level 1 in Shields
  3428 | D:3      | Found a glowing silver altar of Zin.
  3428 | D:3      | Noticed an angel
  3533 | D:3      | Learned a level 5 spell: Lee's Rapid Deconstruction
  3538 | D:3      | Learned a level 4 spell: Petrify
  3742 | D:5      | Entered Level 5 of the Dungeon
  3896 | D:5      | Found a staircase to the Ecumenical Temple.
  4132 | D:5      | Reached XP level 8. HP: 48/57 MP: 10/20
  4653 | Temple   | Entered the Ecumenical Temple
  4730 | D:6      | Reached skill level 7 in Earth Magic
  4790 | D:6      | Noticed a two-headed ogre
  4801 | D:6      | Killed a two-headed ogre
  5274 | D:6      | Reached XP level 9. HP: 59/62 MP: 21/23
  5417 | D:7      | Found a shattered altar of Ashenzari.
  5419 | D:7      | Found a burning altar of Makhleb.
  5493 | D:7      | Reached skill level 5 in Shields
  5716 | D:7      | Reached skill level 8 in Earth Magic
  5814 | D:7      | Noticed Pikel
  5832 | D:7      | Killed Pikel
  6271 | D:7      | Noticed a two-headed ogre
  6284 | D:7      | HP: 2/62 [two-headed ogre/+0 giant spiked club (13)]
  6689 | D:8      | Noticed Joseph
  6698 | D:8      | HP: 1/62 [Joseph] (32)]
  6706 | D:8      | Killed Joseph
  6706 | D:8      | Reached skill level 9 in Earth Magic
  6763 | D:8      | Reached XP level 10. HP: 18/69 MP: 4/26
  7054 | D:8      | Noticed Psyche
  7059 | D:8      | Killed Psyche
  7877 | D:7      | Killed a two-headed ogre
  7884 | D:7      | Found a bloodstained altar of Trog.
  8104 | D:9      | Found a blossoming altar of Fedhas.
  8563 | D:9      | Found a staircase to the Lair.
  8592 | D:9      | Found an opulent altar of Gozag.
  8788 | D:9      | Noticed a red ugly thing
  8800 | D:9      | Slain by a red ugly thing

Levels and vault maps discovered:
D:1:      ebering_hopf_link, layout_basic
D:2:      layout_basic, lemuel_doored_altar, item_on_display_a
D:3:      layout_loops_corners, zin_angel, lemuel_crystal_altar,
          minmay_starry_boxes
D:4:      layout_loops_cross, kennysheep_mini, cheibrodos_sewer_entry_bend
D:5:      layout_loops_corners, minmay_temple_entry_antechambers, first_ration,
          hangedman_decor_clover_reticule, hangedman_abyss_or_decor_stabs
D:6:      minmay_spotlight, layout_basic
D:7:      layout_gridville, bloody_makhleb, lemuel_coloured_pillars_altar,
          ashenzari_altar_1, uniq_pikel
D:8:      layout_basic, uniq_psyche, uniq_joseph
D:9:      hangedman_cross_veins, layout_loops_ring, overflow_temple_1_default,
          lemuel_round_altar, tgw_xom, grunt_lair_entry_orc_guard_hut
Temple:   minmay_temple_bridge_abc

Skill      XL: |  1  2  3  4  5  6  7  8  9 10 |
---------------+-------------------------------+-----
Spellcasting   | 2 3 4 5 6 8 |  8.9
Earth Magic    | 3 4 5 6 7 9 |  9.9
Shields        | 2 4 6 7 |  7.8
Dodging        | |  1.7
Stealth        | |  1.7
Transmutations | |  0.8

Action                   |  1- 3 |  4- 6 |  7- 9 | 10-12 || total
-------------------------+-------+-------+-------+-------++-------
Melee: Unarmed           |    74 |    60 |       |       ||   134
       Halberd           |       |    85 |    21 |       ||   106
       Dagger            |       |       |   139 |       ||   139
       Flail             |       |       |    74 |    90 ||   164
 Cast: Sandblast         |    31 |   100 |    90 |    29 ||   250
       Stone Arrow       |     1 |     8 |    43 |     4 ||    56
       Lee's Rapid Decon |       |       |    15 |    14 ||    29
       Petrify           |       |       |     6 |     3 ||     9
 Abil: Evoke Berserk Rag |       |       |       |     1 ||     1
       Evoke Flight      |       |       |       |     1 ||     1
Evoke: Wand              |       |       |     7 |     4 ||    11
  Use: Potion            |     1 |     1 |     2 |     1 ||     5
       Scroll            |       |     1 |     6 |     2 ||     9
 Stab: Sleeping          |     2 |     4 |     8 |     1 ||    15
       Distracted        |       |     1 |       |     2 ||     3
       Petrified         |       |       |    12 |       ||    12
       Petrifying        |       |       |     2 |       ||     2
  Eat: Chunk             |       |     7 |    14 |     6 ||    27
       Ration            |       |       |     1 |     1 ||     2
Armor: Robe              |    21 |    50 |    82 |    13 ||   166
Dodge: Dodged            |    65 |   173 |   181 |    65 ||   484
       Deflected         |       |     1 |     2 |     2 ||     5
Block: Buckler           |       |       |    62 |     6 ||    68
       Shield            |       |       |       |    63 ||    63
       Reflection        |       |       |       |     4 ||     4
